 Dungeon Crawl Stone Soup version 0.22.1-5-g62c59d919a (webtiles) character file.

2347 H0rd4k the Cutter (level 9, 0/66 HPs)
             Began as a Human Artificer on Jan 8, 2019.
             Succumbed to a kobold's poison
             ... on level 7 of the Dungeon on Jan 9, 2019.
             The game lasted 00:15:13 (8310 turns).

H0rd4k the Cutter (Human Artificer)                 Turns: 8310, Time: 00:15:13

Health: 0/66       AC:  3    Str: 14    XL:     9   Next: 71%
Magic:  12/12      EV: 14    Int: 13    God:
Gold:   262        SH:  0    Dex: 14    Spells: 8/8 levels left

rFire    . . .     SeeInvis .   a - +0 short sword
rCold    . . .     Gourm    .   (no shield)
rNeg     . . .     Faith    .   b - +0 leather armour
rPois    .         Spirit   .   (no helmet)
rElec    .         Reflect  .   (no cloak)
rCorr    .         Harm     .   (no gloves)
MR       .....                  (no boots)
Stlth    ++........             (no amulet)
HPRegen  0.21/turn              (no ring)
MPRegen  0.13/turn              (no ring)

@: lethally poisoned (0 -> -6), marked
A: no striking features
a: no special abilities


You were on level 7 of the Dungeon.
You were very hungry.

You visited 1 branch of the dungeon, and saw 7 of its levels.

You collected 262 gold pieces.

Inventory:

Hand Weapons
 a - a +0 short sword (weapon)
 D - a +0 hunting sling
 E - a +0 shortbow
 K - the +2 flail "Foliaw" {venom, rPois Int+6}
   (You found it on level 7 of the Dungeon)

   It poisons the flesh of those it strikes.
   It affects your intelligence (+6).
   It protects you from poison.
Missiles
 i - 7 javelins (quivered)
 j - 77 arrows
 t - 12 sling bullets
 w - 7 steel tomahawks
 J - 10 poisoned needles
Armour
 b - a +0 leather armour (worn)
 r - a +0 pair of gloves
 H - a +1 leather armour of cold resistance
 I - a +0 pair of gloves
Jewellery
 B - an uncursed amulet of rage {unknown}
 C - an uncursed ring of resist corrosion {unknown}
Wands
 d - a wand of enslavement (15)
 F - a wand of paralysis (15)
 L - a wand of acid (6)
Scrolls
 e - 2 scrolls of teleportation
 g - 5 scrolls of remove curse {unknown}
 k - 3 scrolls of enchant weapon {unknown}
 m - 2 scrolls of fog {unknown}
 n - 6 scrolls of identify {unknown}
 q - 2 scrolls of immolation {unknown}
 v - a scroll of blinking {unknown}
 y - a scroll of enchant armour {unknown}
 G - 2 scrolls of fear {unknown}
 M - a scroll of amnesia {unknown}
Potions
 c - 2 potions of cancellation {unknown}
 h - 3 potions of brilliance {unknown}
 l - 2 potions of heal wounds
 p - 4 potions of flight {unknown}
 s - 2 potions of lignification {unknown}
 u - a potion of might {unknown}
 x - a potion of curing {unknown}
 z - a potion of resistance {unknown}
 A - a potion of magic {unknown}
Comestibles
 f - 2 rations


   Skills:
 + Level 4.6 Fighting
 + Level 6.4 Short Blades
 + Level 0.8 Maces & Flails
 * Level 4.6 Throwing
 + Level 4.0 Armour
 + Level 4.5 Dodging
 + Level 4.2 Stealth
 + Level 4.6 Evocations


You had 8 spell levels left.
You didn't know any spells.
Your spell library was empty.

Dungeon Overview and Level Annotations

Branches:
Dungeon (7/15)             Temple (0/1) D:6

Altars:
Hepliaklqana
Trog
Yredelemnul
The Shining One

Annotations:
D:5 exclusion: ice beast
D:6 exclusions: upstairs and yak
D:7 exclusions: ice beast and orc warrior


Message History

The orc closely misses you. The jackal barely misses you.
You barely miss the jackal.
* * * LOW HITPOINT WARNING * * *
You feel sick. The jackal barely misses you. The kobold hits you.
* * * LOW HITPOINT WARNING * * *
The orc closely misses you.
You closely miss the jackal.
Your surroundings suddenly seem different.
* * * LOW HITPOINT WARNING * * *
You feel sick.
An orc wizard comes into view. It is wielding a dagger.
The orc wizard shouts!
An orc comes into view. It is wielding a club.
The orc shouts! x2; The orc warrior shouts!
Found a stone staircase leading down.
* * * LOW HITPOINT WARNING * * *
You feel sick.
* * * LOW HITPOINT WARNING * * *
You feel sick.
You die...

####### #################
#.....#####...........)....
#.)......<..###########....
#..)..######............###
#####.รท......#############.
###....### #. #..#..# ##.
##....# ##.. ###@.# ###..#
.####..## ##...##
....Y....## ####..###
#....##o..####....## ####.
#o.........## .
......#####..### ...[...$...
##...# ...o.....#.#. ###.#
...o........ .# #.##


You could see an orc warrior and an orc.

Vanquished Creatures
  Harold (D:7)
  2 yaks (D:6)
  2 orc warriors (D:6)
  An ogre (D:6)
  2 centaurs
  2 bullfrogs (D:6)
  A water moccasin skeleton (D:5)
  2 howler monkeys
  A centaur zombie (D:5)
  A bullfrog zombie (D:7)
  A crimson imp (D:7)
  A jelly (D:6)
  3 hounds
  An orc priest (D:6)
  A centaur skeleton (D:4)
  A bullfrog skeleton (D:5)
  An iguana (D:6)
  3 worker ants
  2 orc wizards (D:6)
  3 gnolls (D:2)
  7 adders
  2 shadow imps (D:5)
  An ooze (D:2)
  4 worms
  2 dart slugs (D:4)
  2 leopard geckos
  16 orcs
  5 giant cockroaches
  2 goblins
  7 hobgoblins
  13 jackals
  2 quokkas
  2 ball pythons
  3 bats
  A frilled lizard (D:1)
  4 kobolds
  A leopard gecko skeleton (D:4)
  4 rats
110 creatures vanquished.

Notes
Turn   | Place    | Note
-------+----------+-------------------------------------------
     0 | D:1      | H0rd4k the Human Artificer began the quest for the Orb.
     0 | D:1      | Reached XP level 1. HP: 15/15 MP: 3/3
   336 | D:1      | Reached XP level 2. HP: 16/21 MP: 4/4
   757 | D:2      | Reached XP level 3. HP: 26/26 MP: 5/5
   848 | D:2      | Reached XP level 4. HP: 15/32 MP: 6/6
  1472 | D:2      | Reached skill level 2 in Short Blades
  1866 | D:2      | You fall through a shaft for 2 floors!
  2190 | D:2      | Reached skill level 1 in Armour
  2446 | D:2      | Found a basalt altar of Yredelemnul.
  2965 | D:3      | Reached XP level 5. HP: 37/37 MP: 8/8
  3352 | D:4      | Found a bloodstained altar of Trog.
  3454 | D:4      | Reached skill level 3 in Short Blades
  3795 | D:4      | Reached XP level 6. HP: 20/44 MP: 9/9
  4198 | D:4      | Found a hazy altar of Hepliaklqana.
  4320 | D:4      | Found a glowing golden altar of the Shining One.
  4329 | D:5      | Entered Level 5 of the Dungeon
  4763 | D:5      | Noticed an ogre
  4946 | D:5      | Noticed an ice beast
  4979 | D:5      | Reached skill level 1 in Throwing
  5064 | D:5      | Reached XP level 7. HP: 28/51 MP: 10/10
  5516 | D:5      | Reached skill level 4 in Short Blades
  5760 | D:6      | Noticed a yak
  5760 | D:6      | Noticed a yak
  5765 | D:6      | Killed a yak
  5766 | D:6      | Noticed a yak
  5768 | D:6      | Killed a yak
  5768 | D:6      | Reached XP level 8. HP: 52/58 MP: 11/11
  5768 | D:6      | Noticed a yak
  5879 | D:6      | Reached skill level 5 in Short Blades
  6935 | D:6      | Found a staircase to the Ecumenical Temple.
  7530 | D:6      | Reached XP level 9. HP: 65/65 MP: 12/12
  7980 | D:7      | Got a jewelled flail
  7981 | D:7      | Identified the +2 flail "Foliaw" {venom, rPois Int+6} (You
                  | found it on level 7 of the Dungeon)
  8044 | D:7      | Reached skill level 6 in Short Blades
  8282 | D:7      | Noticed Harold
  8301 | D:7      | Killed Harold
  8306 | D:7      | HP: 3/66 [kobold (3)]
  8308 | D:7      | HP: 1/66 [poisoned by a kobold]
  8310 | D:7      | Succumbed to a kobold's poison

Skill      XL: |  1  2  3  4  5  6  7  8  9 |
---------------+----------------------------+-----
Short Blades   | 2 3 4 5 6 |  6.4
Evocations     | 4 |  4.6
Armour         | 1 2 3 4 |  4.0
Fighting       | 2 3 4 |  4.6
Dodging        | 3 4 |  4.5
Throwing       | 1 2 3 4 |  4.6
Stealth        | 2 4 |  4.2
Maces & Flails | |  0.8

Action                   |  1- 3 |  4- 6 |  7- 9 || total
-------------------------+-------+-------+-------++-------
Melee: Short sword       |    62 |   273 |   333 ||   668
       Flail             |       |       |    18 ||    18
Evoke: Wand              |    21 |    10 |    27 ||    58
  Use: Scroll            |       |     1 |     1 ||     2
 Stab: Paralysed         |       |       |    14 ||    14
       Sleeping          |       |       |     2 ||     2
  Eat: Chunk             |       |    11 |     5 ||    16
       Ration            |       |     1 |     1 ||     2
Armor: Leather armour    |    17 |    56 |    38 ||   111
Dodge: Dodged            |    46 |   179 |   169 ||   394
